General information
- name: BNet
- type: Ladder team game (AT/RT)
- host: Battle.net
- saver: GHOSTBUSTERS-FA
map: Cherryville
- players: 8
- length: 32:45
- speed: Fast
- version: 1.26 W3XP
- replay type: Public
» download(187 KB)
Players
team 1 (winner)
A_PurpleMonster (
red | 31 APM | 827 actions | 26:45)
5 Paladin
2 Holy Light
3 Devotion Aura
» actions
| Basic commands | 39 | |
| Build / train | 99 | |
| Enter build submenu | 34 | |
| Enter hero's abilities submenu | 5 | |
| Give item / drop item | 1 | |
| Remove unit from queue | 4 | |
| Right click | 222 | |
| Select / deselect | 369 | |
| Use ability | 54 | |
827 total
» units
| Peasant | 34 | |
| Footman | 9 | |
| Knight | 5 | |
| Siege Engine | 2 | |
| Flying Machine | 18 | |
68 total
» upgrades
| Masonry | 2 | |
| Swords | 2 | |
| Plating | 2 | |
| Lumber Harvesting | 2 | |
| Animal War Training | 1 | |
| Barrage | 1 | |
| Flak Cannons | 1 | |
| Flying Machine Bombs | 1 | |
12 total
» buildings
| Altar of Kings | 1 | |
| Farm | 13 | |
| Lumber Mill | 1 | |
| Barracks | 4 | |
| Scout Tower | 4 | |
| Arcane Vault | 2 | |
| Arcane Tower | 2 | |
| Guard Tower | 2 | |
| Keep | 1 | |
| Blacksmith | 1 | |
| Town Hall | 1 | |
| Castle | 1 | |
| Workshop | 3 | |
36 total
» build order
00:12 Altar of Kings
00:15 Farm
00:58 Lumber Mill
01:12 Farm
01:19 Barracks
01:58 Farm
02:39 Scout Tower
02:43 Scout Tower
02:57 Arcane Vault
03:05 Arcane Vault
03:13 Scout Tower
03:15 Arcane Tower
03:19 Guard Tower
03:44 Farm
03:46 Guard Tower
04:55 Keep
05:36 Farm
06:27 Blacksmith
07:11 Town Hall
07:16 Scout Tower
07:53 Castle
07:58 Barracks
08:04 Arcane Tower
09:25 Farm
10:24 Farm
10:35 Barracks
11:12 Barracks
11:37 Farm
12:17 Farm
12:39 Farm
12:48 Farm
16:10 Workshop
17:01 Workshop
21:06 Workshop
21:29 Farm
22:39 Farm
» items
| Scroll of Regeneration | 2 | |
| Lesser Clarity Potion | 1 | |
| Scroll of Town Portal | 2 | |
5 total
get2damustang (
orange | 44 APM | 1442 actions | 32:45)
9 Mountain King
2 Storm Bolt
3 Bash
1 Avatar
3 Thunder Clap
» actions
| Basic commands | 15 | |
| Build / train | 75 | |
| Enter build submenu | 55 | |
| Enter hero's abilities submenu | 9 | |
| Give item / drop item | 1 | |
| Remove unit from queue | 1 | |
| Right click | 844 | |
| Select / deselect | 367 | |
| Use ability | 75 | |
1442 total
» units
» upgrades
| Masonry | 3 | |
| Swords | 1 | |
| Armor | 1 | |
| Storm Hammers | 1 | |
6 total
» buildings
| Farm | 13 | |
| Lumber Mill | 1 | |
| Altar of Kings | 1 | |
| Blacksmith | 1 | |
| Scout Tower | 25 | |
| Arcane Tower | 3 | |
| Keep | 1 | |
| Town Hall | 1 | |
| Guard Tower | 12 | |
| Gryphon Aviary | 3 | |
| Castle | 1 | |
| Arcane Vault | 1 | |
63 total
» build order
00:35 Farm
01:05 Lumber Mill
01:14 Farm
01:43 Altar of Kings
01:53 Farm
02:05 Blacksmith
03:04 Farm
03:21 Scout Tower
03:50 Scout Tower
03:52 Arcane Tower
04:12 Keep
04:53 Town Hall
04:55 Scout Tower
04:57 Scout Tower
05:07 Scout Tower
05:14 Scout Tower
05:16 Scout Tower
05:18 Scout Tower
05:26 Scout Tower
05:27 Arcane Tower
05:35 Farm
05:38 Arcane Tower
05:46 Guard Tower
05:49 Scout Tower
05:51 Scout Tower
05:53 Scout Tower
06:02 Guard Tower
06:19 Guard Tower
06:20 Guard Tower
06:23 Guard Tower
07:43 Scout Tower
08:12 Gryphon Aviary
08:13 Gryphon Aviary
08:16 Gryphon Aviary
08:22 Castle
08:29 Guard Tower
09:15 Scout Tower
09:25 Scout Tower
09:47 Scout Tower
09:50 Scout Tower
09:55 Guard Tower
10:29 Guard Tower
10:32 Scout Tower
10:34 Scout Tower
11:08 Scout Tower
11:09 Scout Tower
11:27 Guard Tower
11:35 Scout Tower
11:37 Scout Tower
11:39 Guard Tower
12:06 Scout Tower
12:08 Scout Tower
12:09 Guard Tower
12:15 Farm
12:56 Guard Tower
14:59 Farm
15:00 Farm
15:23 Arcane Vault
16:06 Farm
16:07 Farm
26:34 Farm
26:35 Farm
26:36 Farm
» items
| Scroll of Healing | 2 | |
| Scroll of Town Portal | 3 | |
| Scroll of Regeneration | 1 | |
6 total

»
Hubertus (
blue | 20 APM | 534 actions | 26:52)
4 Blademaster
2 Critical Strike
2 Wind Walk
» actions
| Assign group hotkey | 22 | |
| Basic commands | 6 | |
| Build / train | 59 | |
| Enter build submenu | 19 | |
| Enter hero's abilities submenu | 4 | |
| Give item / drop item | 2 | |
| Remove unit from queue | 1 | |
| Right click | 195 | |
| Select / deselect | 162 | |
| Select group hotkey | 23 | |
| Use ability | 41 | |
534 total
» units
» upgrades
| Armor | 2 | |
| Melee Weapons | 2 | |
| Spiked Barricades | 1 | |
| Pillage | 1 | |
| Berserker Strength | 1 | |
7 total
» buildings
| Altar of Storms | 2 | |
| Orc Burrow | 6 | |
| Barracks | 1 | |
| War Mill | 2 | |
| Great Hall | 3 | |
| Voodoo Lounge | 1 | |
| Stronghold | 1 | |
| Fortress | 1 | |
| Watch Tower | 6 | |
23 total
» build order
00:06 Altar of Storms
00:10 Orc Burrow
01:13 Barracks
01:32 Orc Burrow
01:55 Orc Burrow
03:58 War Mill
04:43 Orc Burrow
06:02 Great Hall
06:15 Voodoo Lounge
09:08 Stronghold
11:40 Fortress
12:36 Watch Tower
12:38 Watch Tower
12:40 Watch Tower
12:45 Watch Tower
12:46 Watch Tower
12:48 Watch Tower
15:36 War Mill
17:12 Altar of Storms
17:25 Orc Burrow
20:08 Great Hall
21:21 Orc Burrow
23:24 Great Hall
» items
| Healing Salve | 4 | |
| Scroll of Speed | 1 | |
| Scroll of Town Portal | 1 | |
| Potion of Lesser Invulnerability | 1 | |
7 total

»
Bloodtank (
green | 31 APM | 1005 actions | 32:03)
5 Dreadlord
3 Sleep
2 Vampiric Aura
3 Death Knight
1 Death Coil
1 Death Pact
1 Unholy Aura
2 Crypt Lord
1 Carrion Beetles
1 Impale
» actions
| Basic commands | 53 | |
| Build / train | 92 | |
| Enter build submenu | 44 | |
| Enter hero's abilities submenu | 10 | |
| Give item / drop item | 5 | |
| Remove unit from queue | 2 | |
| Right click | 233 | |
| Select / deselect | 486 | |
| Use ability | 80 | |
1005 total
» units
| Acolyte | 8 | |
| Ghoul | 23 | |
| Crypt Fiend | 7 | |
| Frost Wyrm | 9 | |
47 total
» upgrades
| Freezing Breath | 2 | |
| Web | 1 | |
| Burrow | 1 | |
| Creature Attack | 2 | |
| Creature Carapace | 2 | |
8 total
» buildings
| Crypt | 3 | |
| Ziggurat | 21 | |
| Halls of the Dead | 2 | |
| Altar of Darkness | 1 | |
| Tomb of Relics | 2 | |
| Nerubian Tower | 5 | |
| Black Citadel | 1 | |
| Sacrificial Pit | 1 | |
| Necropolis | 2 | |
| Graveyard | 2 | |
| Boneyard | 2 | |
| Spirit Tower | 5 | |
47 total
» build order
00:17 Crypt
00:24 Ziggurat
02:08 Halls of the Dead
02:27 Altar of Darkness
02:39 Ziggurat
02:45 Tomb of Relics
03:06 Nerubian Tower
03:41 Ziggurat
03:47 Ziggurat
03:55 Ziggurat
04:29 Black Citadel
04:46 Sacrificial Pit
05:37 Necropolis
07:03 Graveyard
08:03 Boneyard
08:34 Boneyard
08:41 Ziggurat
08:56 Ziggurat
09:02 Ziggurat
10:09 Tomb of Relics
14:12 Spirit Tower
14:15 Nerubian Tower
14:17 Nerubian Tower
16:27 Crypt
18:05 Spirit Tower
18:07 Spirit Tower
20:17 Ziggurat
20:28 Ziggurat
20:31 Ziggurat
20:58 Ziggurat
21:25 Spirit Tower
25:21 Halls of the Dead
25:24 Ziggurat
25:30 Ziggurat
25:32 Ziggurat
25:35 Ziggurat
26:40 Crypt
27:26 Nerubian Tower
28:04 Graveyard
28:06 Nerubian Tower
29:35 Spirit Tower
29:40 Ziggurat
29:50 Ziggurat
29:54 Ziggurat
29:58 Ziggurat
30:02 Ziggurat
31:24 Necropolis
» items
| Orb of Corruption | 2 | |
| Potion of Healing | 2 | |
| Scroll of Town Portal | 4 | |
| Boots of Speed | 1 | |
9 total
team 2 (loser)

»
thorin_ (
purple | 95 APM | 2815 actions | 29:40)
8 Pandaren Brewmaster
3 Breath of Fire
3 Drunken Haze
1 Storm Earth and Fire
1 Drunken Brawler
» actions
| Assign group hotkey | 33 | |
| Basic commands | 89 | |
| Build / train | 97 | |
| ESC pressed | 2 | |
| Enter build submenu | 37 | |
| Enter hero's abilities submenu | 8 | |
| Give item / drop item | 7 | |
| Right click | 1177 | |
| Select / deselect | 503 | |
| Select group hotkey | 731 | |
| Use ability | 131 | |
2815 total
» units
| Wisp | 32 | |
| Archer | 8 | |
| Dryad | 7 | |
| Mountain Giant | 3 | |
50 total
» upgrades
| Improved Bows | 1 | |
| Abolish Magic | 1 | |
| Well Spring | 1 | |
| Hardened Skin | 1 | |
| Resistant Skin | 1 | |
| Strength of the Wild | 2 | |
| Reinforced Hides | 2 | |
| Ultravision | 1 | |
10 total
» buildings
| Moon Well | 8 | |
| Ancient of War | 1 | |
| Altar of Elders | 3 | |
| Ancient of Wonders | 1 | |
| Tree of Ages | 2 | |
| Tree of Life | 1 | |
| Hunter's Hall | 1 | |
| Tree of Eternity | 1 | |
| Ancient of Lore | 8 | |
| Ancient Protector | 9 | |
| Great Hall | 1 | |
36 total
» build order
00:31 Moon Well
00:40 Ancient of War
00:50 Altar of Elders
01:06 Moon Well
01:52 Ancient of Wonders
02:11 Moon Well
04:06 Tree of Ages
04:07 Tree of Ages
04:58 Tree of Life
05:07 Moon Well
05:10 Moon Well
05:33 Hunter's Hall
07:26 Tree of Eternity
08:03 Ancient of Lore
08:09 Ancient of Lore
08:44 Moon Well
08:46 Moon Well
10:49 Moon Well
12:11 Ancient Protector
12:15 Ancient Protector
12:17 Ancient Protector
12:19 Ancient Protector
12:20 Ancient Protector
12:34 Ancient Protector
12:39 Ancient Protector
14:30 Altar of Elders
15:18 Altar of Elders
15:25 Ancient of Lore
15:26 Ancient of Lore
16:04 Ancient Protector
16:05 Ancient Protector
17:07 Ancient of Lore
17:08 Ancient of Lore
22:02 Ancient of Lore
22:06 Ancient of Lore
29:06 Great Hall
» items
| Boots of Speed | 1 | |
| Scroll of Town Portal | 4 | |
| Staff of Preservation | 1 | |
| Orb of Venom | 1 | |
| Lesser Clarity Potion | 1 | |
| Moonstone | 1 | |
9 total
GHOSTBUSTERS-FA (
pink | 66 APM | 2160 actions | 32:45)
9 Archmage
3 Summon Water Elemental
3 Brilliance Aura
1 Mass Teleport
2 Blizzard
» actions
| Assign group hotkey | 92 | |
| Basic commands | 74 | |
| Build / train | 69 | |
| Enter build submenu | 23 | |
| Enter hero's abilities submenu | 9 | |
| Give item / drop item | 3 | |
| Remove unit from queue | 1 | |
| Right click | 789 | |
| Select / deselect | 277 | |
| Select group hotkey | 690 | |
| Use ability | 133 | |
2160 total
» units
| Peasant | 13 | |
| Footman | 4 | |
| Goblin Shredder | 2 | |
| Gryphon Rider | 3 | |
| Dragonhawk Rider | 1 | |
23 total
» upgrades
| Masonry | 3 | |
| Swords | 2 | |
| Armor | 2 | |
| Animal War Training | 1 | |
| Storm Hammers | 1 | |
| Cloud | 1 | |
10 total
» buildings
| Altar of Kings | 1 | |
| Barracks | 1 | |
| Farm | 11 | |
| Scout Tower | 26 | |
| Arcane Vault | 1 | |
| Lumber Mill | 1 | |
| Arcane Tower | 1 | |
| Town Hall | 3 | |
| Keep | 1 | |
| Guard Tower | 15 | |
| Blacksmith | 1 | |
| Gryphon Aviary | 6 | |
| Castle | 1 | |
69 total
» build order
00:07 Altar of Kings
00:20 Barracks
00:35 Farm
00:51 Farm
01:31 Farm
01:54 Scout Tower
02:20 Arcane Vault
02:29 Lumber Mill
02:45 Arcane Tower
03:49 Town Hall
04:49 Farm
05:29 Keep
06:04 Scout Tower
06:04 Scout Tower
06:05 Scout Tower
06:05 Scout Tower
06:06 Scout Tower
06:07 Scout Tower
06:52 Guard Tower
07:17 Guard Tower
07:22 Blacksmith
07:55 Gryphon Aviary
07:55 Gryphon Aviary
07:56 Gryphon Aviary
07:59 Castle
09:18 Scout Tower
09:18 Scout Tower
09:19 Scout Tower
09:22 Scout Tower
09:23 Scout Tower
09:23 Scout Tower
09:25 Scout Tower
09:26 Scout Tower
09:44 Gryphon Aviary
09:46 Farm
09:47 Farm
09:48 Farm
09:49 Farm
09:53 Guard Tower
09:54 Guard Tower
10:24 Guard Tower
10:24 Guard Tower
10:30 Guard Tower
10:30 Guard Tower
10:37 Farm
10:38 Farm
10:40 Farm
10:56 Guard Tower
12:11 Scout Tower
12:11 Scout Tower
12:11 Scout Tower
12:12 Scout Tower
12:16 Scout Tower
12:16 Scout Tower
12:39 Guard Tower
12:40 Guard Tower
14:05 Guard Tower
14:09 Scout Tower
14:09 Scout Tower
14:09 Scout Tower
14:10 Scout Tower
14:19 Guard Tower
14:49 Guard Tower
15:22 Gryphon Aviary
15:22 Gryphon Aviary
16:42 Town Hall
19:47 Town Hall
» items
| Scroll of Regeneration | 3 | |
| Scroll of Town Portal | 1 | |
| Staff of Teleportation | 1 | |
| Potion of Lesser Invulnerability | 1 | |
6 total

»
droptactics (
yellow | 29 APM | 859 actions | 29:22)
6 Far Seer
3 Feral Spirit
2 Chain Lighting
1 Earth Quake
6 Tauren Chieftain
3 Endurance Aura
3 War Stomp
3 Blademaster
2 Critical Strike
1 Bladestorm
» actions
| Build / train | 143 | |
| Enter build submenu | 20 | |
| Enter hero's abilities submenu | 17 | |
| Right click | 289 | |
| Select / deselect | 300 | |
| Use ability | 90 | |
859 total
» units
| Peon | 24 | |
| Goblin Shredder | 1 | |
| Wind Rider | 35 | |
| Shaman | 21 | |
| Raider | 25 | |
106 total
» upgrades
| Spiked Barricades | 2 | |
| Shaman Training | 2 | |
| Envenomed Spears | 2 | |
| Pillage | 1 | |
| Melee Weapons | 2 | |
| Armor | 2 | |
| Reinforced Defenses | 1 | |
| Ensnare | 1 | |
13 total
» buildings
| Orc Burrow | 13 | |
| Altar of Storms | 1 | |
| War Mill | 1 | |
| Voodoo Lounge | 1 | |
| Watch Tower | 16 | |
| Stronghold | 1 | |
| Fortress | 1 | |
| Beastiary | 2 | |
| Spirit Lodge | 1 | |
| Great Hall | 3 | |
40 total
» build order
01:02 Orc Burrow
01:18 Altar of Storms
01:32 Orc Burrow
01:41 War Mill
01:55 Voodoo Lounge
02:54 Watch Tower
02:55 Watch Tower
02:56 Watch Tower
02:57 Watch Tower
02:58 Watch Tower
02:59 Watch Tower
02:59 Watch Tower
03:00 Watch Tower
03:33 Stronghold
05:54 Fortress
06:39 Beastiary
06:47 Beastiary
07:06 Spirit Lodge
07:41 Orc Burrow
07:42 Orc Burrow
07:43 Orc Burrow
11:10 Great Hall
12:42 Great Hall
14:17 Orc Burrow
14:17 Orc Burrow
14:18 Orc Burrow
14:18 Orc Burrow
14:18 Orc Burrow
15:20 Great Hall
17:23 Orc Burrow
17:24 Orc Burrow
17:24 Orc Burrow
22:40 Watch Tower
22:45 Watch Tower
22:50 Watch Tower
27:02 Watch Tower
27:02 Watch Tower
27:03 Watch Tower
27:03 Watch Tower
27:03 Watch Tower
» items
| Scroll of Town Portal | 1 | |
| Scroll of Regeneration | 1 | |
2 total

»
Fordring (
teal | 61 APM | 665 actions | 10:54)
3 Blademaster
2 Wind Walk
1 Critical Strike
» actions
| Assign group hotkey | 19 | |
| Basic commands | 1 | |
| Build / train | 27 | |
| ESC pressed | 1 | |
| Enter build submenu | 12 | |
| Enter hero's abilities submenu | 3 | |
| Right click | 427 | |
| Select / deselect | 70 | |
| Select group hotkey | 85 | |
| Use ability | 20 | |
665 total
» units
» upgrades
» buildings
| Altar of Storms | 1 | |
| Barracks | 1 | |
| Orc Burrow | 5 | |
| Voodoo Lounge | 1 | |
| War Mill | 1 | |
| Stronghold | 1 | |
| Great Hall | 2 | |
| Fortress | 1 | |
| Beastiary | 2 | |
15 total
» build order
00:16 Altar of Storms
00:39 Barracks
00:56 Orc Burrow
01:30 Voodoo Lounge
01:49 Orc Burrow
02:22 War Mill
03:15 Orc Burrow
04:49 Stronghold
07:12 Great Hall
07:15 Great Hall
07:56 Fortress
08:02 Beastiary
08:04 Beastiary
10:47 Orc Burrow
10:47 Orc Burrow
» items
Chat log
(00:12 / All) GHOSTBUSTERS-FA: hello, friends
(00:15 / All) get2damustang: GET TO THE MUSTANG
(00:27 / Allies) Fordring: ...i'm a Paladin!
(00:38 / All) get2damustang: GET TO THE MUSTANG
(00:42 / Allies) GHOSTBUSTERS-FA: who wants to feed me
(00:51 / Allies) Fordring: yo mama
(01:02 / All) GHOSTBUSTERS-FA: what size waist is everybody here? i'm a 38
(01:09 / All) get2damustang: 44
(01:11 / Allies) Fordring: 32
(01:15 / All) Fordring: 32
(01:18 / All) get2damustang: I'm "big boned"
(01:58 / Allies) Fordring: mass noobwyverns
(02:04 / Allies) GHOSTBUSTERS-FA: GRIFFS
(02:17 / All) A_PurpleMonster: what units u guys going?
(02:23 / All) get2damustang: i'm going chims
(02:27 / All) Fordring: noob units
(02:28 / All) get2damustang: GET TO THE MUSTANG
(02:48 / All) Fordring: IM A F***ING PALADIN!
(02:55 / All) get2damustang: i'm gay
(03:27 / Allies) GHOSTBUSTERS-FA: wood me niggas
(04:03 / All) GHOSTBUSTERS-FA: how is the new hobbit movie
(04:13 / All) Hubertus: GET TO THE CHOPPER!
(04:16 / All) get2damustang: gay
(04:16 / All) get2damustang: like me
(04:26 / All) A_PurpleMonster: another cliffhanger
(04:27 / All) Fordring: GET ON DA HORSE!
(06:59 / All) A_PurpleMonster: dont do that thorin
(07:23 / All) get2damustang: nigger
(11:14 / All) Hubertus: GG
(11:23 / Allies) GHOSTBUSTERS-FA: lets hit red
(12:28 / Allies) GHOSTBUSTERS-FA: hit red
(12:40 / All) get2damustang: put me in coach
(12:42 / All) get2damustang: i'm ready to play
(13:12 / All) get2damustang: coach im ready
(14:25 / All) get2damustang: its not my fault you left your melle army by the air sir
(15:01 / All) Hubertus: ORANGE UR A FUCKING NOOB
(15:14 / All) get2damustang: wow
(15:16 / All) get2damustang: he mad
(16:23 / All) get2damustang: blue im sorry you can't survive
(17:19 / All) get2damustang: some bs that hits air
(18:13 / All) Hubertus: fuck u
(19:18 / All) Hubertus: FUCK U
(20:23 / Allies) thorin_: wtf
(20:39 / Allies) thorin_: .wtf
(20:43 / Allies) GHOSTBUSTERS-FA: mis click
(20:44 / Allies) GHOSTBUSTERS-FA: sorry
(20:46 / All) get2damustang: lol thanks blue your hero doing work
(20:50 / Allies) thorin_: loooool
(20:57 / Allies) thorin_: u killed my giant!!!
(21:02 / Allies) thorin_: fuck
(21:07 / Allies) GHOSTBUSTERS-FA: mistake man sorry
(22:22 / All) get2damustang: rofl
(22:25 / All) GHOSTBUSTERS-FA: wtf
(22:40 / All) get2damustang: theres a nigger in blues base
(22:41 / Allies) GHOSTBUSTERS-FA: gold plz
(23:20 / Allies) thorin_: stop fucking tp on my hero£!!!
(23:23 / Allies) thorin_: do it on unit
(23:54 / All) Bloodtank: wow
(24:05 / All) Bloodtank: always loose when fighting 4v1
(24:20 / Allies) thorin_: really?
(24:35 / Allies) thorin_: u killed my hero and my giant
(24:39 / Allies) GHOSTBUSTERS-FA: mis click man
(24:40 / Allies) GHOSTBUSTERS-FA: sorry
(24:50 / Allies) thorin_: wtfffffffffff
(24:54 / Allies) thorin_: u kidding me?=
(25:03 / All) Hubertus: NOT MY PEON!
(25:38 / All) get2damustang: purp your main?
(25:39 / All) get2damustang: whered it go
(25:54 / Allies) thorin_: fucking asshole
(26:13 / All) GHOSTBUSTERS-FA: farewell thorin, son of thorad
(26:20 / All) get2damustang: rofl
(26:31 / All) Hubertus: THIS GUY HAD A LIL TOO MUCH WARCRAFT 3
(26:44 / All) get2damustang: who?
(26:45 / All) get2damustang: bljue
(27:30 / All) get2damustang: thorin
(27:31 / Allies) droptactics: WHY
(27:34 / All) get2damustang: still alive pumnk?
(27:45 / All) GHOSTBUSTERS-FA: standoffffffffff
(27:53 / All) get2damustang: YEAHH
(28:12 / All) get2damustang: you know what i love
(28:18 / All) get2damustang: orcs that dont upgrade burrows
(28:45 / All) get2damustang: like teal for example
(29:04 / All) GHOSTBUSTERS-FA: god damn tker yellow
(29:08 / All) get2damustang: 50 gold and 200 lumber o not have your base raped in 2 seconds
(29:28 / All) get2damustang: i hate tkers
(30:03 / All) get2damustang: rod not around?
(30:08 / All) GHOSTBUSTERS-FA: not sure
(30:18 / All) GHOSTBUSTERS-FA: green looks like u get the loss
(30:23 / All) GHOSTBUSTERS-FA: unless u beg
(30:36 / All) get2damustang: indeed
(30:39 / All) get2damustang: green loses
(30:55 / All) get2damustang: man you got owned
(31:09 / All) Bloodtank: gg
(31:24 / All) get2damustang: that thorin fellow was a fag
(31:29 / All) GHOSTBUSTERS-FA: hep
(31:36 / All) GHOSTBUSTERS-FA: i told him i mis clicked his panda
(31:40 / All) GHOSTBUSTERS-FA: and his mg
(32:04 / All) get2damustang: green say that again
(32:10 / All) GHOSTBUSTERS-FA: wut he say
(32:18 / All) get2damustang: You are a dumbass
(32:21 / All) get2damustang: only thing he said
(32:23 / All) get2damustang: allg ame
(32:29 / All) GHOSTBUSTERS-FA: ill uploads mine lets go on aim, who loses
(32:33 / All) get2damustang: who lose?
(32:41 / All) get2damustang: lets make purp lose
(32:42 / All) GHOSTBUSTERS-FA: my team?
(32:44 / All) get2damustang: seems like a try hard